 Dungeon Crawl Stone Soup version 0.32-a0-12-g7fc57aa741 (webtiles) character file.

Game seed: 1162544797976346298

48 oldriver the Firebug (level 3, 0/26 HPs)
             Began as a Demonspawn Fire Elementalist on Jan 15, 2024.
             Killed from afar by an orc wizard (10 damage)
             ... with a magic dart
             ... on level 3 of the Dungeon.
             The game lasted 00:02:03 (3033 turns).

oldriver the Firebug (Demonspawn Fire Elementalist) Turns: 3033, Time: 00:02:03

Health: 0/26       AC:  2    Str:  8    XL:     3   Next: 50%
Magic:  4/7        EV: 12    Int: 17    God:
Gold:   113        SH:  0    Dex: 13    Spells: 6/7 levels left

rFire   . . .        c - +0 dagger
rCold   . . .        (no shield)
rNeg    . . .        a - +0 robe
rPois   .            (no helmet)
rElec   .            (no cloak)
rCorr   .            (no gloves)
SInv    .            (no boots)
Will    .....        (no amulet)
Stlth   ++           (no ring)
HPRegen 0.24/turn    (no ring)
MPRegen 0.10/turn

%: no passive effects
@: no status effects
A: ignite blood 1
a: no special abilities


You were on level 3 of the Dungeon.
You visited 1 branch of the dungeon, and saw 3 of its levels.

You collected 113 gold pieces.

Inventory:

Hand Weapons
 c - a +0 dagger (weapon)
Missiles
 i - 5 poisoned darts
Armour
 a - a +0 robe (worn)
Jewellery
 f - a +4 ring of protection
Scrolls
 d - a scroll of teleportation {unknown}
 e - 2 scrolls of blinking {unknown}
 j - a scroll of enchant weapon {unknown}
Potions
 b - a potion of magic
 g - a potion of invisibility {unknown}
 h - a potion of curing {unknown}


   Skills:
 + Level 1.2 Fighting
 - Level 1.7 Dodging
 - Level 1.7 Stealth
 * Level 2.8 Spellcasting
 + Level 1.6 Conjurations
 + Level 3.0 Fire Magic


You had 6 spell levels left.
You knew the following spells:

 Your Spells              Type           Power      Damage    Failure   Level
a - Foxfire               Conj/Fire      40%        2x1d6     7%          1

Your spell library contained the following spells:

 Spells                   Type           Power      Damage    Failure   Level
 Scorch                   Fire           24%        2d6       8%          2
 Sublimation of Blood     Necr           2%         N/A       26%         2
 Inner Flame              Hex/Fire       7%         N/A       28%         3
 Volatile Blastmotes      Fire/Tloc      14%        2d11      28%         3
 Gell's Gravitas          Tloc           2%         N/A       47%         3
 Teleport Other           Tloc           2%         N/A       47%         3
 Flame Wave               Conj/Fire      10%        2d6       56%         4
 Petrify                  Alch/Erth      2%         N/A       87%         4
 Irradiate                Conj/Alch      2%         3d12      98%         5
 Dispersal                Tloc           1%         N/A       100%        6


Dungeon Overview and Level Annotations

Branches:
Dungeon (3/15)

Altars:
Sif Muna


Innate Abilities, Weirdness & Mutations

Your demonic aura sometimes causes spilled blood to erupt in flames.


Message History

The orc wizard casts a spell at you. The puff of flame misses you.
The hobgoblin shouts!
There are monsters nearby!
There are monsters nearby!
You conjure some foxfire!
The orc shouts!
You hear a shout!
An orc comes into view. It is wielding a +0 whip.
Your foxfire dissipates!
Found a scroll labelled FEOPHUCHEI.
An orc comes into view. It is wielding a +0 whip.
Found a rapier.
The foxfire hits the hobgoblin.
The hobgoblin is moderately wounded.
You conjure some foxfire!
The hobgoblin hits you.
The foxfire hits the orc.
The orc is almost dead.
You conjure some foxfire!
The hobgoblin closely misses you.
A kobold comes into view. It is wielding a +0 whip.
The orc wizard hits you but does no damage.
There is not enough space to conjure foxfire!
There is not enough space to conjure foxfire!
There is not enough space to conjure foxfire!
Unknown command.
There is not enough space to conjure foxfire!
Your foxfire dissipates!
The foxfire hits the orc.
You kill the orc!
Unknown command.
The orc attacks as it pursues you! The orc hits you with a +0 whip.
You conjure some foxfire!
Your foxfire dissipates!
The orc wizard points at you and mumbles some strange words.
The magic dart hits you.
The orc wizard gestures at you while chanting.
The magic dart hits you!
Casting: Foxfire (safe; 7% risk of failure)
Confirm with . or Enter, or press ? or * to list all spells.
You don't know that spell.
The orc wizard casts a spell at you. The magic dart hits you!
You die...

#. #.. ....
#...#####
........#
#.......#
......)g########
#....Koo....@<#
#.....#########
#..... #.....
#?.... .......
.#....) #.....


You could see an orc wizard, an orc, a hobgoblin and a kobold.

Vanquished Creatures
  4 dart slugs
  An orc (D:3)
  An endoplasm (D:2)
  2 giant cockroaches (D:2)
  5 goblins
  2 hobgoblins (D:1)
  4 jackals (D:2)
  5 kobolds
  2 quokkas
  6 ball pythons
  A frilled lizard (D:1)
33 creatures vanquished.

Vanquished Creatures (others)
  187 foxfires
187 creatures vanquished.

Grand Total: 220 creatures vanquished

Notes
Turn   | Place    | Note
-------+----------+-------------------------------------------
     0 | D:1      | oldriver the Demonspawn Fire Elementalist began the quest
                  | for the Orb.
     0 | D:1      | Reached XP level 1. HP: 13/13 MP: 3/3
   622 | D:1      | Gained mutation: Your demonic aura sometimes causes spilled
                  | blood to erupt in flames. [demonic ancestry]
   622 | D:1      | Reached XP level 2. HP: 20/20 MP: 1/5
  1875 | D:2      | Reached skill level 1 in Fighting
  1932 | D:2      | Reached XP level 3. HP: 26/26 MP: 2/6
  2085 | D:2      | Reached skill level 3 in Fire Magic
  2144 | D:2      | Found a shimmering blue altar of Sif Muna.
  3033 | D:3      | Killed from afar by an orc wizard

Illustrated notes

Levels and vault maps discovered:
D:1:      evilmike_arrival_rings, layout_loops_corners
D:2:      layout_loops_ring, basic_altar
D:3:      layout_basic, kennysheep_vampire_church, bloody_trog

Skill      XL: |  1  2  3 |
---------------+----------+-----
Fighting       | 1 |  1.2
Fire Magic     | 3 |  3.0
Dodging        | |  1.7
Stealth        | |  1.7
Spellcasting   | |  2.8
Conjurations   | |  1.6

Action                     || total
---------------------------++-------
  Melee: Unarmed           ||    16
         Punch             ||     1
         Dagger            ||     9
   Cast: Foxfire           ||   113
 Armour: Robe              ||    25
  Dodge: Dodged            ||    20

Table legend: (Time is in decaauts)
 A = Elapsed time spent in this place.
 B = Non-inter-level travel time spent in this place.
 C = Inter-level travel time spent in this place.
 D = Time resting spent in this place.
 E = Time spent auto-exploring this place.
 F = Levels seen in this place.
 G = Mean time per level.
                   A        B        C        D        E       F      G
               +--------+--------+--------+--------+--------+-----+--------+
         Total |   3031 |   2931 |    100 |    213 |   2400 |   3 | 1010.3 |
       Dungeon |   3031 |   2931 |    100 |    213 |   2400 |   3 | 1010.3 |
               +--------+--------+--------+--------+--------+-----+--------+

Top non-repeatable levels by time:
     D:1: 1685 daAuts
     D:2: 1329 daAuts
     D:3: 16 daAuts
